 Dungeon Crawl Stone Soup version 0.21-a0-538-gd16b88a (webtiles) character file.

12502 Amnesiac the Slicer (level 12, -5/82 HPs)
             Began as a Halfling Fighter on Dec 15, 2017.
             Was a High Priest of Okawaru.
             Slain by an ice devil (16 damage)
             ... summoned by an orc high priest
             ... on level 1 of the Orcish Mines.
             The game lasted 00:30:20 (12758 turns).

Amnesiac the Slicer (Halfling Fighter)             Turns: 12758, Time: 00:30:20

Health: -5/82      AC: 20    Str: 26    XL:     12   Next: 21%
Magic:  0/16       EV: 13    Int:  6    God:    Okawaru [*****.]
Gold:   869        SH: 13    Dex: 15    Spells: 1/11 levels left

rFire    + . .     SeeInvis .   a - +1 short sword (speed)
rCold    . . .     Gourm    .   c - +0 shield
rNeg     . . .     Faith    .   e - +3 plate armour {rF+}
rPois    .         Spirit   +   h - +0 helmet
rElec    .         Reflect  .   x - +0 cloak
rCorr    .         Harm     .   (no gloves)
MR       +....                  (no boots)
Stlth    ..........             F - amulet of guardian spirit
HPRegen  0.23/turn              v - +2 ring of slaying
MPRegen  0.15/turn              E - ring of protection from magic

@: mighty, very slightly contaminated, invisible
A: small, mutation resistance 2
a: Heroism, Finesse, Renounce Religion


You were on level 1 of the Orcish Mines.
You worshipped Okawaru.
Okawaru was extremely pleased with you.
You were not hungry.

You visited 3 branches of the dungeon, and saw 11 of its levels.

You collected 869 gold pieces.

Inventory:

Hand Weapons
 a - a +1 short sword of speed (weapon)
 b - a +0 blowgun
Missiles
 g - 278 stones (quivered)
 m - 58 poisoned needles
 q - 53 sling bullets
 A - a curare-tipped needle
 D - 5 needles of confusion
Armour
 c - a +0 shield (worn)
 e - a +3 plate armour of fire resistance (worn)
 h - a +0 helmet (worn)
 x - a +0 cloak (worn)
Jewellery
 l - an uncursed ring of protection from magic
 v - a +2 ring of slaying (left hand)
 y - an uncursed ring of resist corrosion
 E - a ring of protection from magic (right hand)
 F - an amulet of guardian spirit (around neck)
Wands
 B - a wand of random effects (17)
 K - a wand of disintegration (1)
 O - a wand of flame (24)
Scrolls
 j - 3 scrolls of fear {!r}
 p - a scroll of enchant weapon {!r}
 u - a scroll of noise {!r, unknown}
 z - a scroll of magic mapping {!r, unknown}
 G - a scroll of teleportation {!r}
 I - a scroll of blinking {!r}
 R - a scroll of enchant armour {!r}
Potions
 i - a potion of invisibility {!q}
 o - a potion of brilliance {!q}
 s - 3 potions of curing {!q}
 w - a potion of agility {!q}
 C - a potion of lignification {!q}
 P - a potion of flight {!q}
Comestibles
 f - 13 bread rations
 k - 4 meat rations


   Skills:
 * Level 7.9 Fighting
 + Level 9.5 Short Blades
 * Level 9.4 Armour
 * Level 9.3 Dodging
 * Level 9.3 Shields
 + Level 5.4 Invocations
 + Level 1.9 Evocations


You had one spell level left.
You knew the following spells:

 Your Spells              Type           Power        Failure   Level  Hunger
a - Call Imp              Summ           #.......     100%        2    ###....
e - Mephitic Cloud        Conj/Pois/Air  #.......     100%        3    ####...
s - Conjure Flame         Conj/Fire      #.......     100%        3    ####...
v - Blink                 Tloc           N/A          100%        2    ###....


Dungeon Overview and Level Annotations

Branches:
Dungeon (9/15)             Temple (1/1) D:5            Lair (0/6) D:8
    Orc (1/2) D:9

Altars:
Ashenzari
Cheibriados
Dithmenos
Elyvilon
Fedhas
Gozag
Hepliaklqana
Kikubaaqudgha
Makhleb
Nemelex Xobeh
Okawaru
Qazlal
Ru
Sif Muna
Trog
Uskayaw
Vehumet
Wu Jian
Xom
Yredelemnul
Zin
The Shining One
Beogh

Shops:
D:6 *   D:8 %

Annotations:
D:3 Jessica


Innate Abilities, Weirdness & Mutations

You are small and have problems with some larger weapons.
You are somewhat resistant to both further mutation and mutation removal.


Message History

The orc high priest is heavily wounded.
The ice devil hits you but does no damage.
You closely miss the orc high priest.
The orc high priest is heavily wounded.
The orc high priest mumbles some strange prayers to Beogh against you.
You easily resist.
Your shield and plate armour prevent you from hitting the orc high priest.
The orc high priest is heavily wounded.
The ice devil hits you. The ice devil freezes you!!
* * * LOW HITPOINT WARNING * * *
You hit the orc high priest but do no damage.
The orc high priest is heavily wounded.
You barely miss the orc high priest.
The orc high priest is heavily wounded.
The orc high priest hits you with a mace of protection.
* * * LOW HITPOINT WARNING * * *
The ice devil hits you.
* * * LOW HITPOINT WARNING * * *
The ice devil freezes you!
* * * LOW HITPOINT WARNING * * *
Okay, then.
Really quaff
i - 2 potions of invisibility {!q}?
You fade into invisibility!
You block the ice devil's attack.
The orc high priest hits you but does no damage.
You are very lightly contaminated with residual magic.
Really quaff
s - 4 potions of curing {!q}?
You feel better.
The ice devil hits you but does no damage.
Really quaff
d - a potion of might {!q}?
You feel very mighty all of a sudden.
The orc high priest mumbles some strange prayers to Beogh against you.
Beogh smites you!
* * * LOW HITPOINT WARNING * * *
You block the ice devil's attack. You block the orc high priest's attack.
You hit the orc high priest but do no damage.
The orc high priest is heavily wounded.
Your shield and plate armour prevent you from hitting the orc high priest.
The orc high priest is heavily wounded.
The ice devil misses you.
You barely miss the orc high priest.
The orc high priest is heavily wounded.
You block the orc high priest's attack.
You puncture the orc high priest!
The orc high priest is severely wounded.
You hit the orc high priest but do no damage.
The orc high priest is severely wounded.
You block the orc high priest's attack.
You closely miss the orc high priest.
The orc high priest is severely wounded.
You block the ice devil's attack.
You hit the orc high priest but do no damage.
The orc high priest is severely wounded.
You hit the orc high priest but do no damage.
The orc high priest is severely wounded.
The orc high priest utters an invocation to Beogh.
The orc high priest is healed somewhat.
You puncture the orc high priest!
The orc high priest is almost dead.
The ice devil hits you!
* * * LOW HITPOINT WARNING * * *
The ice devil freezes you!!
You die...

....o#......._.o..... .....#
.....#............... .....
#...###.............# ...#
##'## #........(....# ##'##
#...####.....o.....####...###
.......###...(...###........#
.........####'####..........#
...........##)##............#
...........#).)#@...........#
...........#)..#o4..........#
...........)...'3.[.).......#
...........#...#...........)#
...........#..)#...........%#
############.).##############
#.).# ##|##
###########)########


You could see an orc high priest, an ice devil and a smoke demon.

Vanquished Creatures
  An orc warlord (Orc:1)
  A deep troll (Orc:1)
  The ghost of Amnesiac the Cutter, a novice HaFi of Okawaru (D:7)
  3 orc sorcerers (Orc:1)
  An orc knight (Orc:1)
  A cyclops (Orc:1)
  2 trolls
  A jumping spider (Orc:1)
  A hippogriff (D:8)
  Sigmund (D:4)
  A wyvern (D:8)
  A steam dragon (D:8)
  5 wargs
  2 water moccasins
  Duvessa (D:4)
  A porcupine (D:7)
  A sky beast (D:5)
  22 orc warriors
  3 phantoms
  2 ice beasts
  10 ogres
  3 centaurs
  4 bullfrogs
  3 scorpions
  Dowan (D:4)
  3 wights (D:6)
  A crimson imp (D:8)
  2 bullfrog zombies (D:7)
  A quasit (D:7)
  2 centaur zombies
  3 hounds
  A jelly (D:8)
  3 bullfrog skeletons
  14 orc priests
  18 orc wizards
  Crazy Yiuf (D:4)
  4 iguanas
  5 worker ants
  A howler monkey zombie (D:9)
  2 howler monkey skeletons
  14 adders
  3 gnolls (Orc:1)
  2 oozes
  An adder skeleton (D:7)
  4 worms
  2 dart slugs
  4 leopard geckos
  42 orcs
  2 ball pythons
  9 giant cockroaches
  5 goblins
  5 hobgoblins
  2 jackals (D:1)
  6 quokkas
  5 bats
  4 frilled lizards
  A jackal skeleton (D:6)
  A jackal zombie (D:7)
  15 kobolds
  7 rats
268 creatures vanquished.

Notes
Turn   | Place    | Note
-------+----------+-------------------------------------------
     0 | D:1      | Amnesiac the Halfling Fighter began the quest for the Orb.
     0 | D:1      | Reached XP level 1. HP: 15/15 MP: 1/1
   149 | D:1      | Reached XP level 2. HP: 16/20 MP: 2/2
   188 | D:1      | Reached skill level 1 in Dodging
   635 | D:1      | Reached XP level 3. HP: 21/25 MP: 3/3
   934 | D:2      | Reached XP level 4. HP: 17/30 MP: 4/4
  1136 | D:2      | Found a shadowy altar of Dithmenos.
  1340 | D:2      | Found a sparkling altar of Nemelex Xobeh.
  1864 | D:2      | Reached XP level 5. HP: 32/35 MP: 5/5
  2113 | D:3      | Reached skill level 5 in Short Blades
  2660 | D:3      | Noticed Jessica
  2678 | D:3      | HP: 1/35 [orc wizard/puff of frost (7)]
  2992 | D:3      | Reached XP level 6. HP: 36/41 MP: 6/6
  3530 | D:4      | Noticed Dowan
  3549 | D:4      | Killed Dowan
  3549 | D:4      | Reached XP level 7. HP: 30/45 MP: 7/7
  3646 | D:4      | Found a runed door.
  3665 | D:4      | Noticed Duvessa
  3730 | D:4      | Killed Duvessa
  4020 | D:4      | Noticed Sigmund
  4047 | D:4      | Killed Sigmund
  4304 | D:4      | Noticed Crazy Yiuf
  4312 | D:4      | Killed Crazy Yiuf
  4312 | D:4      | Reached XP level 8. HP: 51/52 MP: 8/8
  4362 | D:5      | Entered Level 5 of the Dungeon
  4379 | D:5      | Found a staircase to the Ecumenical Temple.
  4414 | Temple   | Entered the Ecumenical Temple
  4827 | Temple   | Became a worshipper of Warmaster Okawaru
  5249 | D:5      | Gained mutation: You are somewhat resistant to both further mutation and mutation removal. [mutagenic meat]
  6076 | D:6      | Reached skill level 5 in Armour
  6076 | D:6      | Reached skill level 5 in Shields
  6085 | D:6      | Reached skill level 5 in Dodging
  6111 | D:6      | Found Zisuje's General Store.
  6152 | D:6      | Found a stormy altar of Qazlal.
  6198 | D:6      | Reached * piety under Okawaru
  6198 | D:6      | Reached XP level 9. HP: 57/58 MP: 9/9
  6277 | D:6      | Found an opulent altar of Gozag.
  6277 | D:6      | Found a radiant altar of Vehumet.
  6320 | D:6      | Found a glowing silver altar of Zin.
  6435 | D:6      | Reached skill level 1 in Invocations
  6724 | D:7      | Noticed Amnesiac's ghost (novice HaFi)
  7145 | D:7      | Reached skill level 5 in Fighting
  7152 | D:7      | Reached ** piety under Okawaru
  7511 | D:7      | Killed Amnesiac's ghost
  7511 | D:7      | Reached *** piety under Okawaru
  7511 | D:7      | Reached XP level 10. HP: 18/67 MP: 8/12
  7967 | D:7      | Found a blossoming altar of Fedhas.
  7968 | D:7      | Found a snail-covered altar of Cheibriados.
  7970 | D:7      | Found a shattered altar of Ashenzari.
  7987 | D:7      | Found a shimmering altar of Xom.
  8254 | D:8      | Found Wipnus's Food Emporium.
  8308 | D:8      | Found a staircase to the Lair.
  8569 | D:8      | Reached **** piety under Okawaru
  8851 | D:8      | Found a sparkling altar of Nemelex Xobeh.
  8972 | D:9      | Found a staircase to the Orcish Mines.
  9613 | D:9      | Reached XP level 11. HP: 67/74 MP: 11/14
  9639 | D:9      | Learned a level 2 spell: Blink
  9643 | D:9      | Learned a level 3 spell: Mephitic Cloud
  9647 | D:9      | Learned a level 3 spell: Conjure Flame
  9650 | D:9      | Learned a level 2 spell: Call Imp
  9922 | Orc:1    | Entered Level 1 of the Orcish Mines
 10112 | Orc:1    | Received a gift from Okawaru
 10121 | Orc:1    | Noticed an orc warlord
 10442 | Orc:1    | Noticed an orc sorcerer
 10513 | Orc:1    | Killed an orc sorcerer
 10551 | Orc:1    | Noticed an orc knight
 10551 | Orc:1    | Noticed an orc sorcerer
 10585 | Orc:1    | Killed an orc sorcerer
 10585 | Orc:1    | Reached ***** piety under Okawaru
 10589 | Orc:1    | Killed an orc knight
 10617 | Orc:1    | Noticed an orc knight
 10644 | Orc:1    | Noticed a cyclops
 10651 | Orc:1    | Killed a cyclops
 10695 | Orc:1    | Noticed a deep troll
 10695 | Orc:1    | an orc knight changed into a deep troll
 10791 | Orc:1    | Found a roughly hewn altar of Beogh.
 10914 | Orc:1    | Killed a deep troll
 11630 | Orc:1    | Received a gift from Okawaru
 11630 | Orc:1    | Reached skill level 5 in Invocations
 11630 | Orc:1    | Reached skill level 1 in Evocations
 11715 | Orc:1    | Noticed an orc knight
 11735 | Orc:1    | an orc knight changed into a jumping spider
 11985 | Orc:1    | Noticed an orc warlord
 12040 | Orc:1    | Noticed an orc sorcerer
 12306 | Orc:1    | Killed an orc sorcerer
 12306 | Orc:1    | Reached XP level 12. HP: 81/81 MP: 9/15
 12474 | Orc:1    | Killed an orc warlord
 12679 | Orc:1    | Found a roughly hewn altar of Beogh.
 12680 | Orc:1    | Noticed an orc high priest
 12758 | Orc:1    | Slain by an ice devil

Vault maps used:
D:1:      dpeg_arrival_another_circle, minmay_misc_feat_pillars
D:2:      lemuel_coloured_pillars_altar, marbit_many_paths
D:3:      uniq_jessica
D:4:      uniq_crazy_yiuf_cottage, uniq_duvessa, uniq_sigmund
D:5:      temple_pool_b, first_bread
D:6:      grunt_temple_overflow_open, zin_scriptorium, serial_shops,
          nicolae_shop_crystal
D:7:      minitemple, grunt_ogre_cave, kennysheep_another_room
D:8:      lair_entry_dummy, serial_shops, shop, nemelex_lonely_heart_becter
D:9:      minmay_orc_entry_guard_dogs
Temple:   minmay_temple_forest_path
Orc:1:    orc_temple, basic_altar

Skill      XL: |  1  2  3  4  5  6  7  8  9 10 11 |
---------------+----------------------------------+-----
Short Blades   | 3 4 5 7 8 9 |  9.5
Dodging        | 1 2 3 5 6 7 9 |  9.3
Fighting       | 3 4 5 6 7 |  7.9
Armour         | 5 6 7 9 |  9.4
Shields        | 5 6 7 9 |  9.3
Invocations    | 2 4 5 |  5.4
Evocations     | 1 |  1.9

Action                   |  1- 3 |  4- 6 |  7- 9 | 10-12 || total
-------------------------+-------+-------+-------+-------++-------
Melee: Rapier            |   119 |    95 |       |       ||   214
       Short sword       |       |   171 |   515 |   927 ||  1613
 Fire: Blowgun           |       |       |       |    83 ||    83
Throw: Stone             |       |     1 |       |       ||     1
       Throwing net      |       |       |       |     1 ||     1
Invok: Heroism           |       |       |     1 |     8 ||     9
       Finesse           |       |       |       |     3 ||     3
Evoke: Wand              |       |       |     3 |    43 ||    46
  Use: Scroll            |       |     1 |    13 |     6 ||    20
       Potion            |       |       |     2 |     6 ||     8
  Eat: Chunk             |       |     9 |    11 |    10 ||    30
       Royal jelly       |       |       |     1 |       ||     1
       Meat ration       |       |       |     1 |     1 ||     2
       Fruit             |       |       |       |     6 ||     6
Armor: Scale mail        |    30 |    43 |     2 |       ||    75
       Ring mail         |       |       |    55 |    92 ||   147
       Plate armour      |       |       |       |     4 ||     4
Dodge: Dodged            |    47 |    75 |    95 |   256 ||   473
Block: Shield            |    55 |    73 |   122 |   331 ||   581

Table legend:
 A = Spawn XP
 B = Non-spawn XP
 C = Spawn XP percentage of total XP
 D = Spawn monster count
 E = Non-spawn monster count
 F = Spawn count percentage of total count
 G = Total turns spent on level
                    A         B        C        D         E        F      G
               +---------+---------+-------+---------+---------+-------+---------
         Total |       0 |   17860 |   0.0 |       0 |     268 |   0.0 | 12758
               +---------+---------+-------+---------+---------+-------+---------
           D:1 |       0 |      44 |   0.0 |       0 |      27 |   0.0 |   873
           D:2 |       0 |      96 |   0.0 |       0 |      21 |   0.0 |  1590
           D:3 |       0 |     258 |   0.0 |       0 |      30 |   0.0 |   969
           D:4 |       0 |     624 |   0.0 |       0 |      12 |   0.0 |  1034
           D:5 |       0 |     580 |   0.0 |       0 |      14 |   0.0 |  1097
           D:6 |       0 |     932 |   0.0 |       0 |      23 |   0.0 |   896
           D:7 |       0 |    2280 |   0.0 |       0 |      32 |   0.0 |  1185
           D:8 |       0 |    2924 |   0.0 |       0 |      33 |   0.0 |  1468
           D:9 |       0 |     515 |   0.0 |       0 |       8 |   0.0 |   611
         Orc:1 |       0 |    9607 |   0.0 |       0 |      68 |   0.0 |  2567
               +---------+---------+-------+---------+---------+-------+---------
